AoeStats
← pinyouli

Arabia

503435196Analyzed
1v1 RM · 1mo ago on Aug 31, 2026· 27m 13s· 2 players
Game mode
Random Map
Map size
Tiny (2 player)
Population
200
Speed
Normal
Resources
Standard
Victory
Conquest
Starting age
Dark Age
Ending age
Imperial Age
RankedLock teamsTeams togetherTeam positionsShared explorationLock speedFull tech treeHidden civsTurbo modeCheats
Victory
Defeat
🇮🇹 Vietnamese · Italy
871
+16
🇹🇼 Huns · Taiwan
869
-43
pinyouli
5:23 Loom
11:34 Feudal Age
17:08 Bloodlines
26:01 Castle Age
150490644
7:37 Loom
9:48 Feudal Age
10:24 Double-Bit Axe
15:47 Fletching
17:27 Padded Archer Armor
18:45 Gold Mining
23:19 Castle Age
22:47 Wheelbarrow
22:51 Horse Collar
24:13 Bow Saw
23:26 Crossbowman
24:14 Bodkin Arrow
24:01 Crossbowman
25:07 Thumb Ring
25:57 Leather Archer Armor
26:52 Scale Barding Armor
26:50 Husbandry
Connection lost

Rejoining the realm…

Still unreachable

The connection could not be restored.

Session expired

The server has moved on; the page needs a fresh start.